 Dungeon Crawl Stone Soup version 0.30-a0-279-g4b46babb21 (webtiles) character file.

Game seed: 2800178607617845169

21308 lunkers the Severer (level 13, -4/114 HPs)
             Began as a Meteoran Berserker on Oct 16, 2022.
             Was an Elder of Trog.
             Slain by a komodo dragon (18 damage)
             ... on level 2 of the Lair of Beasts.
             The game lasted 00:14:18 (5204 turns).

lunkers the Severer (Meteoran Berserker)            Turns: 5204, Time: 00:14:19

Health: -4/114     AC: 14    Str: 22    XL:     13   Next: 49%
Magic:  14/14      EV: 17    Int: 10    God:    Trog [****..]
Gold:   272        SH:  0    Dex: 15    Spells: 12/12 levels left

rFire   + . .      SeeInvis .    a - +5 battleaxe (freeze)
rCold   + + .      Faith    .    (shield currently unavailable)
rNeg    . . .      Spirit   .    t - +3 leather armour {rPois}
rPois   +          Reflect  .    (no helmet)
rElec   .          Harm     .    w - +1 cloak
rCorr   .          Rampage  .    r - +0 pair of gloves
Will    +....                    c - +3 pair of mountain boots {steadfast, rC+}
Stlth   +.........               (no amulet)
HPRegen 0.39/turn                m - ring of protection from cold
MPRegen 0.14/turn                H - ring of protection from fire

@: on berserk cooldown, glowing
A: sense surroundings 2, otherworldly, glowing, explore regen
a: Renounce Religion, Berserk, Trog's Hand, Brothers in Arms


You were on level 2 of the Lair of Beasts.
You worshipped Trog.
Trog was greatly pleased with you.
You visited 2 branches of the dungeon, and saw 13 of its levels.

You collected 528 gold pieces.
You spent 256 gold pieces at shops.

Inventory:

Hand Weapons
 a - a +5 battleaxe of freezing (weapon)
 b - a +4 spectral morningstar
Missiles
 o - 4 throwing nets
 s - 2 boomerangs
Armour
 c - the +3 pair of mountain boots (worn) {steadfast, rC+}
   (You acquired it on level 5 of the Dungeon)

   It prevents involuntary movement, except for blinking, teleportation, or
   banishment.
   rC:        It protects you from cold.
 r - a +0 pair of gloves (worn)
 t - a +3 leather armour of poison resistance (worn)
 u - a +3 leather armour of cold resistance
 w - a +1 cloak (worn)
 A - +0 acid dragon scales
 C - a scarf of shadows
 E - the +1 chain mail of Danixt {Dex+2}
   (You bought it in a shop on level 11 of the Dungeon)

   Dex:       It affects your dexterity (+2).
Jewellery
 h - a +6 ring of intelligence
 m - a ring of protection from cold (left hand)
 v - a +6 ring of intelligence
 z - a ring of protection from cold
 H - a ring of protection from fire (right hand)
Wands
 x - a wand of acid (1)
 F - a wand of flame (4)
 I - a wand of paralysis (6)
Scrolls
 l - a scroll of enchant armour
 y - a scroll of magic mapping
 B - 2 scrolls of teleportation
Potions
 d - 3 potions of haste
 e - 3 potions of mutation
 f - 7 potions of curing
 g - a potion of attraction
 i - a potion of cancellation
 j - 5 potions of brilliance
 k - a potion of flight
 n - a potion of berserk rage {unknown}
 p - 2 potions of resistance
 q - 2 potions of lignification


   Skills:
 + Level 10.3 Fighting
 + Level 18.5 Axes
 - Level 7.3 Armour
 - Level 10.0 Dodging
 - Level 6.0 Evocations


You had 12 spell levels left.
You didn't know any spells.
Your spell library was empty.

Dungeon Overview and Level Annotations

Branches:
Dungeon (11/15) Zot: 1735  Temple (0/1) D:5            Lair (2/5) D:8 Zot: 797
  Swamp: Lair:2-3    Shoals: Lair:2-3     Snake: Lair:2-3    Spider: Lair:2-3
    Orc: D:9-12

Altars:
Elyvilon
Okawaru
Trog
Xom

Shops:
D:1 *   D:3 =   D:4 *   D:11 [

Portals:
Trove: D:11 (give 2 scrolls of acquirement)

Annotations:
D:7 5 runed translucent doors


Innate Abilities, Weirdness & Mutations

You passively map the area around you.
You are easily found by Zot.
You glow in the dark.
You regain HP and MP as you explore.


Message History

You slash the death yak! You freeze the death yak.
The death yak is heavily wounded.
Your skin stops crawling.
You feel less strong-willed. The death yak gores you!!
* * * LOW HITPOINT WARNING * * *
You slice the death yak!! You freeze the death yak.
The death yak is severely wounded.
You slice the death yak!! You freeze the death yak!
You kill the death yak!
Trog accepts your kill.
An elephant comes into view.
The elephant trumpets!
You slice the elephant!! You freeze the elephant.
The elephant is moderately wounded.
Unknown command.
You slice the elephant!! You freeze the elephant!
The elephant is almost dead.
The elephant tramples you.
* * * LOW HITPOINT WARNING * * *
Your boots keep you from being knocked back.
You hold your ground!
The elephant misses you.
Unknown command.
You slice the elephant!! You freeze the elephant.
You kill the elephant!
Trog accepts your kill.
Unknown command.
You feel a strong urge to attack something.
You are no longer berserk.
You are exhausted.
You feel yourself slow down.
You feel yourself speed up.
A komodo dragon comes into view.
The komodo dragon bites you!
* * * LOW HITPOINT WARNING * * *
You closely miss the komodo dragon. The komodo dragon closely misses you.
Unknown command.
You slash the komodo dragon! You freeze the komodo dragon.
The komodo dragon is heavily wounded.
The komodo dragon bites you!!
You die...

, * *** * ****
#### * # , ,
♣♣..♣♣ # , ,,
,, ♣♣....♣♣ # ,
, ♣♣ *
♣♣..♣♣..♣♣ #
♣..
♣♣..♣♣♣♣..♣♣ #
, ,* *♣♣.♣*
♣♣..♣##.♣♣..♣♣#
, #♣...♣ ♣♣..♣#
.†♣♣..♣# ,
,#.~~~l#♣..♣♣
,8#†♣♣..# , , ,
#.~~~.@...♣♣
,♣.♣♣.. ,
,#.~~~.#♣♣..♣♣
♣..♣♣#
,,,#♣...♣
♣♣..♣♣**♣♣..♣ #
,,, ♣♣.♣
♣♣..♣♣♣♣..♣♣ #
, , ♣..,*
♣♣..♣♣..♣♣ #
♣♣, ♣♣....♣♣ #
,,* ,, ♣♣..♣♣ #
, *, ♣.♣♣ # ,
** * * * * *###
####


You could see a komodo dragon.

Vanquished Creatures
  Harold (D:9)
  2 hydras (Lair:2)
  2 two-headed ogres (D:11)
  A boulder beetle (Lair:1)
  2 death yaks (Lair:2)
  Pikel (D:5)
  A deep elf pyromancer (D:10)
  An ugly thing (D:11)
  An elephant (Lair:2)
  A torpor snail (Lair:2)
  A black mamba (Lair:2)
  Joseph (D:8)
  2 gargoyles
  3 cane toads
  An unseen horror (D:10)
  3 komodo dragons
  A troll (D:11)
  2 hornets
  Prince Ribbit (D:5)
  10 blink frogs (Lair:1)
  A shadow (D:11)
  2 wraiths (D:10)
  26 yaks
  A vampire (D:11)
  Eustachio (D:5)
  A steam dragon (D:8)
  Edmund (D:5)
  2 wargs (D:8)
  3 water moccasins
  3 acid dragons
  2 sky beasts
  Duvessa (D:5)
  2 black bears (D:7)
  3 orc warriors
  An ogre (D:6)
  2 centaurs
  5 bullfrogs
  Blork the orc (D:4)
  3 necrophages
  A scorpion (D:7)
  Dowan (D:5)
  9 wights
  10 killer bees
  2 jellies (D:5)
  4 orc priests
  Crazy Yiuf (D:5)
  2 hounds (D:7)
  Jessica (D:2)
  5 iguanas
  7 orc wizards
  3 gnolls (D:5)
  4 adders
  A white imp (D:8)
  2 worms
  A dart slug (D:3)
  28 orcs
  5 ball pythons
  5 endoplasms
  3 giant cockroaches
  3 hobgoblins
  3 quokkas
  3 bats
  3 frilled lizards
  A goblin (D:2)
  2 kobolds
  6 rats
215 creatures vanquished.

Vanquished Creatures (others)
  A vampire (D:9)
  2 fungi (Lair:1)
  2 plants
5 creatures vanquished.

Grand Total: 220 creatures vanquished

Notes
Turn   | Place    | Note
-------+----------+-------------------------------------------
     0 | D:1      | lunkers the Meteoran Berserker began the quest for the Orb.
     0 | D:1      | Reached XP level 1. HP: 19/19 MP: 2/2
    28 | D:1      | Found Keufecwu's Assorted Antiques.
    78 | D:1      | Reached skill level 4 in Axes
    89 | D:1      | Reached XP level 2. HP: 23/26 MP: 3/3
   170 | D:1      | Found a faded altar of an unknown god.
   288 | D:2      | Noticed Jessica
   295 | D:2      | Killed Jessica
   296 | D:2      | Reached skill level 5 in Axes
   296 | D:2      | Reached XP level 3. HP: 27/31 MP: 4/4
   421 | D:2      | Reached XP level 4. HP: 30/38 MP: 5/5
   814 | D:3      | Found Zyloexzat's Jewellery Shoppe.
   820 | D:3      | Reached ** piety under Trog
   827 | D:3      | Reached skill level 6 in Axes
  1006 | D:3      | Reached XP level 5. HP: 38/45 MP: 6/6
  1026 | D:4      | Noticed Blork the orc
  1027 | D:4      | Found Misonloj's Assorted Antiques.
  1036 | D:4      | Killed Blork the orc
  1037 | D:4      | Reached skill level 7 in Axes
  1225 | D:4      | Reached XP level 6. HP: 50/51 MP: 7/7
  1265 | D:4      | Found an iron altar of Okawaru.
  1457 | D:5      | Entered Level 5 of the Dungeon
  1498 | D:5      | Reached skill level 8 in Axes
  1533 | D:5      | Noticed Eustachio
  1551 | D:5      | Killed Eustachio
  1552 | D:5      | Reached skill level 9 in Axes
  1552 | D:5      | Reached XP level 7. HP: 55/57 MP: 8/8
  1592 | D:5      | Noticed Dowan
  1594 | D:5      | Noticed Duvessa
  1611 | D:5      | Killed Duvessa
  1618 | D:5      | Killed Dowan
  1672 | D:5      | Reached skill level 10 in Axes
  1672 | D:5      | Reached XP level 8. HP: 13/60 MP: 9/9
  1677 | D:5      | Found a staircase to the Ecumenical Temple.
  1689 | D:5      | Noticed Pikel
  1781 | D:5      | Killed Pikel
  1782 | D:5      | Reached skill level 11 in Axes
  1866 | D:5      | Noticed Edmund
  1881 | D:5      | Killed Edmund
  1882 | D:5      | Reached skill level 12 in Axes
  1882 | D:5      | Gained mutation: You passively map the area around you.
                  | [Meteoran growth]
  1882 | D:5      | Reached XP level 9. HP: 68/70 MP: 10/10
  1928 | D:5      | Found a runed translucent door.
  1929 | D:5      | Noticed Crazy Yiuf
  1937 | D:5      | Killed Crazy Yiuf
  1953 | D:5      | Identified a scroll of acquirement
  1953 | D:5      | Acquired the +3 pair of mountain boots {steadfast, rC+}
  1953 | D:5      | Found the +3 pair of mountain boots {steadfast, rC+}
  1993 | D:5      | Noticed Prince Ribbit
  2010 | D:5      | Killed Prince Ribbit
  2011 | D:5      | Reached skill level 13 in Axes
  2167 | D:6      | Reached skill level 14 in Axes
  2224 | D:6      | Found a shimmering altar of Xom.
  2230 | D:6      | Noticed a gargoyle
  2239 | D:6      | Killed a gargoyle
  2240 | D:6      | Reached XP level 10. HP: 67/78 MP: 11/11
  2591 | D:7      | Found the +9 staff of Olgreb {rPois∞}
  2594 | D:7      | Found a runed translucent door.
  2702 | D:7      | Found a runed translucent gate.
  2702 | D:7      | Found a runed translucent gate.
  2716 | D:7      | Found a runed translucent gate.
  2718 | D:7      | Found a runed translucent door.
  2755 | D:7      | Noticed a gargoyle
  2762 | D:7      | Killed a gargoyle
  2763 | D:7      | Reached skill level 15 in Axes
  2975 | D:8      | Reached skill level 5 in Fighting
  3098 | D:8      | Reached skill level 5 in Armour
  3098 | D:8      | Reached skill level 5 in Dodging
  3124 | D:8      | Identified the +1 leather armour "Zocuong" {rElec rF+
                  | Dex+2}
  3248 | D:9      | Noticed Harold
  3257 | D:9      | Killed Harold
  3257 | D:9      | Reached *** piety under Trog
  3258 | D:9      | Reached XP level 11. HP: 58/88 MP: 12/12
  3372 | D:9      | Found a bloodstained altar of Trog.
  3658 | D:10     | Entered Level 10 of the Dungeon
  3673 | D:10     | Reached skill level 16 in Axes
  3673 | D:10     | Reached skill level 1 in Evocations
  3881 | D:10     | Noticed a deep elf pyromancer
  3887 | D:10     | Killed a deep elf pyromancer
  4143 | D:10     | Found a white marble altar of Elyvilon.
  4234 | D:11     | Noticed a two-headed ogre
  4238 | D:11     | Killed a two-headed ogre
  4268 | D:11     | Found Agualadgh's Antique Armour Shoppe.
  4277 | D:11     | Bought an agate-encrusted chain mail for 256 gold pieces
  4277 | D:11     | Identified the +1 chain mail of Danixt {Dex+2} (You bought
                  | it in a shop on level 11 of the Dungeon)
  4303 | D:11     | Found a portal to a secret trove of treasure.
  4348 | D:11     | Reached XP level 12. HP: 86/100 MP: 13/13
  4378 | D:11     | Noticed a two-headed ogre
  4384 | D:11     | Killed a two-headed ogre
  4385 | D:11     | Reached skill level 17 in Axes
  4640 | D:8      | Noticed Joseph
  4654 | D:8      | Killed Joseph
  4723 | D:8      | Found a staircase to the Lair.
  4734 | D:8      | Reached skill level 5 in Evocations
  4776 | Lair:1   | Entered Level 1 of the Lair of Beasts
  4805 | Lair:1   | Reached **** piety under Trog
  4848 | Lair:1   | Noticed a boulder beetle
  4861 | Lair:1   | Killed a boulder beetle
  4979 | Lair:1   | Reached XP level 13. HP: 85/110 MP: 14/14
  5063 | Lair:2   | Noticed an eight-headed hydra
  5069 | Lair:2   | Killed an eight-headed hydra
  5070 | Lair:2   | Reached skill level 18 in Axes
  5150 | Lair:2   | Noticed a six-headed hydra
  5151 | Lair:2   | Noticed a death yak
  5163 | Lair:2   | Reached skill level 10 in Dodging
  5163 | Lair:2   | Noticed a death yak
  5164 | Lair:2   | Killed a six-headed hydra
  5168 | Lair:2   | Killed a death yak
  5169 | Lair:2   | Reached skill level 10 in Fighting
  5174 | Lair:2   | Killed a death yak
  5204 | Lair:2   | Slain by a komodo dragon

Illustrated notes

Levels and vault maps discovered:
D:1:      mrwooster_arrival_statue_2, layout_rooms,
          hellmonk_ecumenical_altar_lost_god, serial_shops, shop, moated_statue,
          hangedman_decor_push
D:2:      layout_loops_corners, dreamdust_princess_bridge, uniq_jessica
D:3:      minmay_spotlight, layout_rooms, serial_shops, shop
D:4:      layout_layer_cave, marbit_many_paths, serial_shops,
          nicolae_shop_trees, solitary_fountain, uniq_blork_the_orc
D:5:      layout_basic, minmay_temple_entry_ruins, moated_statue,
          minmay_misc_feat_encased, uniq_prince_ribbit1, uniq_edmund,
          uniq_eustachio, uniq_crazy_yiuf_cottage, uniq_pikel, uniq_duvessa
D:6:      layout_layer_cave, mainiacjoe_overflow_tiny_flanked
D:7:      layout_basic, kennysheep_crisscross,
          minmay_guarded_unrand_staff_of_olgreb
D:8:      layout_basic, erik_lair_orcish_takeover, uniq_joseph
D:9:      layout_roguey, mainiacjoe_overflow_swirl,
          minmay_misc_feat_more_columns, minivault_25, uniq_harold
D:10:     layout_gridville, good_gods_temple_1, minmay_diced_spiral
D:11:     layout_gridville, nicolae_trove_entry_isolated, serial_shops, shop
Lair:1:   layout_roguey, chequers_serial_rivers_micro_e, grunt_megastairs_5,
          infiniplex_staircase_pool
Lair:2:   nzn_winding_woodlands_stair_trap
          [nzn_winding_woodlands_5x15_concentric,
          nzn_winding_woodlands_5x15_river_crossing,
          nzn_winding_woodlands_5x15_pool,
          nzn_winding_woodlands_15x15_thick_spiral,
          nzn_winding_woodlands_5x15_split_checker,
          nzn_winding_woodlands_5x15_longhouse,
          nzn_winding_woodlands_5x15_jagged], layout_cave_shapes,
          elwin_shoals_entry_rooms, basic_altar, minmay_holes,
          grunt_forest_large_clearings

Skill      XL: |  1  2  3  4  5  6  7  8  9 10 11 12 13 |
---------------+----------------------------------------+-----
Axes           | 4 5 6 7 9 10 12 14 15 16 17 18 | 18.5
Armour         | 3 5 7 |  7.3
Dodging        | 3 5 7 9 10 | 10.0
Fighting       | 5 7 8 10 | 10.3
Evocations     | 4 6 |  6.0

Action                   |  1- 3 |  4- 6 |  7- 9 | 10-12 | 13-15 || total
-------------------------+-------+-------+-------+-------+-------++-------
Melee: Hand axe          |    39 |   185 |   115 |       |       ||   339
       Punch             |       |     2 |       |       |     1 ||     3
       Battleaxe         |       |       |     7 |   305 |    56 ||   368
       Morningstar       |       |       |       |       |    11 ||    11
Invok: Berserk           |       |     2 |     7 |     4 |     2 ||    15
       Trog's Hand       |       |     1 |     3 |     1 |     1 ||     6
Evoke: Wand              |       |       |       |       |     6 ||     6
  Use: Scroll            |       |       |     8 |    12 |       ||    20
Armor: Animal skin       |     9 |       |       |       |       ||     9
       Ring mail         |     5 |    58 |       |       |       ||    63
       Leather armour    |       |       |    32 |   137 |    32 ||   201
Dodge: Dodged            |    19 |    86 |    55 |   188 |    42 ||   390

Table legend: (Time is in decaauts)
 A = Elapsed time spent in this place.
 B = Non-inter-level travel time spent in this place.
 C = Inter-level travel time spent in this place.
 D = Time resting spent in this place.
 E = Time spent auto-exploring this place.
 F = Levels seen in this place.
 G = Mean time per level.
                   A        B        C        D        E       F      G
               +--------+--------+--------+--------+--------+-----+--------+
         Total |   5266 |   4705 |    561 |     34 |   2677 |  13 |  405.1 |
       Dungeon |   4864 |   4303 |    561 |      0 |   2666 |  11 |  442.2 |
          Lair |    401 |    401 |      0 |     34 |     11 |   2 |  200.5 |
               +--------+--------+--------+--------+--------+-----+--------+

Top non-repeatable levels by time:
     D:5: 644 daAuts
    D:10: 604 daAuts
     D:6: 534 daAuts
     D:2: 502 daAuts
     D:9: 452 daAuts
     D:4: 442 daAuts
     D:8: 414 daAuts
    D:11: 387 daAuts
     D:7: 361 daAuts
     D:3: 297 daAuts
  Lair:2: 225 daAuts
     D:1: 224 daAuts
  Lair:1: 176 daAuts
